 Dungeon Crawl Stone Soup version 0.23.0-38-g208d714 (webtiles) character file.

Game seed: 5983493730848621786

331 tatocazan the Sneak (level 6, 0/60 HPs)
             Began as an Octopode Transmuter on Feb 28, 2019.
             Was a Follower of Cheibriados.
             Succumbed to an adder's poison
             ... on level 4 of the Dungeon.
             The game lasted 00:12:20 (4766 turns).

tatocazan the Sneak (Octopode Transmuter)           Turns: 4766, Time: 00:12:21

Health: 0/60       AC:  1    Str: 16 (17) XL:     6   Next: 51%
Magic:  9/10       EV: 14    Int: 18 (20) God:    Cheibriados [*.....]
Gold:   207        SH:  0    Dex: 13 (16) Spells: 4/10 levels left

rFire    . . .     SeeInvis .     - Unarmed
rCold    . . .     Gourm    .   (no shield)
rNeg     . . .     Faith    .   (helmet restricted)
rPois    .         Spirit   .   (no amulet)
rElec    .         Reflect  .   (no ring)
rCorr    .         Harm     .   (no ring)
MR       .....                  (no ring)
Stlth    ..........             (no ring)
HPRegen  0.20/turn              (no ring)
MPRegen  0.12/turn              (no ring)
                                (no ring)
                                (no ring)

@: berserking, lethally poisoned (0 -> -7), very slow
A: almost no armour, stealthy swim, amphibious, 8 rings, constrict 8, camouflage
1, gelatinous body 1
a: Bend Time, Renounce Religion


You were on level 4 of the Dungeon.
You worshipped Cheibriados.
Cheibriados was aware of your devotion.
You were not hungry.

You visited 1 branch of the dungeon, and saw 4 of its levels.

You collected 207 gold pieces.

Inventory:

Hand Weapons
 l - a +0 dagger
Missiles
 a - 111 arrows
 f - a throwing net (quivered)
 k - 6 silver javelins
Jewellery
 p - an uncursed amulet of the acrobat {unknown}
Scrolls
 d - a scroll of fog {unknown}
 e - a scroll of amnesia {unknown}
 g - a scroll of magic mapping {unknown}
 h - 2 scrolls of remove curse
 i - a scroll of identify {unknown}
 m - 2 scrolls of random uselessness {unknown}
 o - 2 scrolls of immolation {unknown}
 q - a scroll of fear {unknown}
 s - 3 scrolls of noise {unknown}
Potions
 j - a potion of cancellation
Comestibles
 c - 3 rations


   Skills:
 + Level 2.3 Fighting
 + Level 3.0 Dodging
 + Level 4.3 Stealth
 + Level 3.8 Unarmed Combat
 + Level 2.8 Spellcasting
 * Level 3.3 Transmutations
 + Level 0.6 Poison Magic


You had 4 spell levels left.
You knew the following spells:

 Your Spells              Type           Power        Failure   Level  Hunger
a - Beastly Appendage     Tmut           ##....       4%          1    None
b - Sticks to Snakes      Tmut           ##......     6%          2    ##.....
c - Spider Form           Tmut/Pois      #.........   22%         3    ###....

Your spell library contained the following spells:

 Spells                   Type           Power        Failure   Level  Hunger
 Ice Form                 Ice/Tmut       #.......     63%         4    ####...
 Blade Hands              Tmut           ##........   75%         5    ######.


Dungeon Overview and Level Annotations

Branches:
Dungeon (4/15)
 Temple: D:4-7

Altars:
Cheibriados
Fedhas


Innate Abilities, Weirdness & Mutations

You cannot wear most types of armour.
You are very stealthy in the water. (Stealth+)
You are amphibious.
You can wear up to eight rings at the same time.
You can use your tentacles to constrict eight enemies at once.
Your skin changes colour to match your surroundings (Stealth+).
Your rubbery body absorbs attacks. (AC +1, EV +1)


Message History

A red film seems to cover your vision as you go berserk!
Cheibriados protects you from inadvertent hurry.
You feel mighty!
* * * LOW HITPOINT WARNING * * *
You feel sick.
You now have 2/60 hp.
There is a lethal amount of poison in your body!
There is a lethal amount of poison in your body!
There is a lethal amount of poison in your body!
There is a lethal amount of poison in your body!
There is a lethal amount of poison in your body!
There is a lethal amount of poison in your body!
You are too berserk!
Unknown command.
You feel a strong urge to attack something.
Your transformation has ended.
* * * LOW HITPOINT WARNING * * *
You feel sick.
Found 13 gold pieces.
You take 1 damage, and have 1/60 hp.
You die...

#...# ### #...##
#..#..# ###
....##..## ...###
....# #...##
...... ....
#....##...... ....
#....#...%... .[
#......!...$.
###.#..†.@......#
........†........#
...#.....#......##
.........#......#
...#....##......#
..$..?..##.......#
####....##....##.#
.....###...## ..
..... #..#


There were no monsters in sight!

Vanquished Creatures
  An orc wizard (D:4)
  Jessica (D:3)
  A worker ant (D:4)
  Natasha (thrice) (D:3)
  A gnoll (D:3)
  6 adders
  An ooze (D:4)
  An adder zombie (D:4)
  An adder skeleton (D:4)
  2 dart slugs
  3 leopard geckos
  An orc (D:4)
  3 ball pythons
  7 bats
  3 giant cockroaches
  3 goblins
  5 hobgoblins
  2 jackals (D:2)
  6 kobolds
  2 quokkas
  7 frilled lizards
  2 rats (D:1)
62 creatures vanquished.

Vanquished Creatures (collateral kills)
  A scorpion (D:4)
  An orc priest (D:4)
  A gnoll (D:3)
  2 adders
  2 dart slugs (D:3)
  An orc (D:4)
  A goblin (D:2)
  A hobgoblin (D:3)
  2 jackals (D:2)
  A rat (D:3)
13 creatures vanquished.

Vanquished Creatures (others)
  An orc wizard (D:4)
1 creature vanquished.

Grand Total: 76 creatures vanquished

Notes
Turn   | Place    | Note
-------+----------+-------------------------------------------
     0 | D:1      | tatocazan the Octopode Transmuter began the quest for the
                  | Orb.
     0 | D:1      | Reached XP level 1. HP: 13/13 MP: 3/3
   133 | D:1      | Reached XP level 2. HP: 12/18 MP: 3/5
   135 | D:1      | Reached skill level 1 in Stealth
   140 | D:1      | Learned a level 2 spell: Sticks to Snakes
  1015 | D:2      | Reached XP level 3. HP: 23/23 MP: 1/6
  1064 | D:2      | Found a blossoming altar of Fedhas.
  1180 | D:2      | Reached skill level 2 in Stealth
  1511 | D:3      | Noticed Jessica
  1520 | D:3      | Killed Jessica
  1520 | D:3      | Reached XP level 4. HP: 26/29 MP: 1/7
  1809 | D:3      | Noticed Natasha
  1818 | D:3      | Killed Natasha
  1849 | D:3      | Reached skill level 3 in Stealth
  1987 | D:3      | Noticed Natasha
  2022 | D:3      | Found a snail-covered altar of Cheibriados.
  2030 | D:3      | Became a worshipper of Cheibriados the Contemplative
  2079 | D:3      | Reached XP level 5. HP: 34/34 MP: 6/8
  3013 | D:3      | Killed Natasha
  3018 | D:3      | Reached * piety under Cheibriados
  3019 | D:3      | Noticed Natasha
  3024 | D:3      | Killed Natasha
  3238 | D:4      | Reached skill level 4 in Stealth
  3452 | D:4      | Reached XP level 6. HP: 39/39 MP: 3/10
  3614 | D:4      | Learned a level 3 spell: Spider Form
  4479 | D:4      | Noticed a slave
  4762 | D:4      | HP: 2/40 [poisoned by an adder]
  4766 | D:4      | Succumbed to an adder's poison

Skill      XL: |  1  2  3  4  5  6 |
---------------+-------------------+-----
Stealth        | 1 2 3 4 |  4.3
Fighting       | 2 |  2.3
Transmutations | 3 |  3.3
Dodging        | 3 |  3.0
Unarmed Combat | |  3.8
Spellcasting   | |  2.8
Poison Magic   | |  0.6

Action                   |  1- 3 |  4- 6 || total
-------------------------+-------+-------++-------
Melee: Unarmed           |    58 |   105 ||   163
       Constrict         |    17 |    23 ||    40
       Kick              |     9 |    14 ||    23
       Tentacles         |     7 |    14 ||    21
       Punch             |     1 |     1 ||     2
 Cast: Beastly Appendage |    13 |    12 ||    25
       Sticks to Snakes  |     8 |    34 ||    42
       Spider Form       |       |     2 ||     2
Invok: Bend Time         |       |     1 ||     1
  Use: Potion            |     3 |     4 ||     7
       Scroll            |     2 |     1 ||     3
 Stab: Sleeping          |     8 |     9 ||    17
  Eat: Chunk             |     2 |     3 ||     5
       Ration            |       |     2 ||     2
Armor: Skin              |     5 |    12 ||    17
Dodge: Dodged            |    39 |   121 ||   160
